TOP OF THE 1ST |
Batavia Muckdogs batting - Pitching for Cincinnati (NYP) Reds : LHP Jin Zhui
|
Pitching: LHP Jin Zhui
|
|
Batting: RHB Calvin Morin
|
0-0: Called Strike 0-1: Ball 1-1: Foul Ball, location: 2F 1-2: Ball 2-2: Ball 3-2: Base on Balls
|
Batting: LHB David Doge
|
0-0: Called Strike 0-1: Ball 1-1: Ball Calvin Morin is caught stealing 2nd base 2-6 2-1: Swinging Strike 2-2: Fly out, F5 (Popup, 5, EV 56.9 MPH)
|
Batting: RHB Len Graham
|
0-0: Foul Ball, location: 2F 0-1: Foul Ball, location: 2F 0-2: Ball 1-2: Strikes out swinging
|
Top of the 1st over - 0 runs, 0 hits, 0 errors, 0 left on base; Batavia 0 - Cincinnati (NYP) 0 |
BOTTOM OF THE 1ST |
Cincinnati (NYP) Reds batting - Pitching for Batavia Muckdogs : RHP James Bitner
|
Pitching: RHP James Bitner
|
|
Batting: SHB Bryan Johnston
|
0-0: Ball 1-0: Ball 2-0: Ball 3-0: Base on Balls
|
Batting: LHB Fernando Gomez
|
0-0: Ball 1-0: Ball 2-0: Called Strike 2-1: Foul Ball, location: 2F 2-2: Grounds into double play, 5-4-3 (Groundball, 56S, EV 93.1 MPH)
|
Batting: RHB Jamie Ingram
|
0-0: Ball 1-0: Ball 2-0: Ball 3-0: Base on Balls
|
Batting: RHB Felipe Pineda
|
0-0: TRIPLE (Flyball, 89XD, EV 107.5 MPH) Jamie Ingram scores
|
Batting: RHB Danny Pontius
|
0-0: Ball 1-0: SINGLE (Groundball, 5S, EV 71.2 MPH) (infield hit) Felipe Pineda scores
|
Batting: LHB Josiah Leath
|
0-0: Called Strike 0-1: Ball 1-1: Ball Danny Pontius steals 2nd base 2-1: Foul Ball, location: 2F 2-2: Ball 3-2: Strikes out swinging
|
Bottom of the 1st over - 2 runs, 2 hits, 0 errors, 1 left on base; Batavia 0 - Cincinnati (NYP) 2 |
TOP OF THE 2ND |
Batavia Muckdogs batting - Pitching for Cincinnati (NYP) Reds : LHP Jin Zhui
|
Batting: RHB Jim Fisher
|
0-0: Fly out, F8 (Flyball, 8RD, EV 94.4 MPH)
|
Batting: RHB Larry LeFever
|
0-0: Called Strike 0-1: Foul Ball, location: 2F 0-2: Ball 1-2: Ball 2-2: Foul Ball, location: 2F 2-2: SINGLE (Line Drive, 3L, EV 99.4 MPH)
|
Batting: RHB Hiromitsu Yamada
|
0-0: Called Strike 0-1: Ball Wild Pitch! Larry LeFever to second 1-1: Ball 2-1: Foul Ball, location: 2F 2-2: Fly out, F8 (Line Drive, 8LD, EV 96.9 MPH) Runner from 2nd tags up, SAFE at 3rd with throw by CF
|
Batting: RHB Jayson Johnson
|
0-0: Ground out 6-3 (Groundball, 6S, EV 63.1 MPH)
|
Top of the 2nd over - 0 runs, 1 hit, 0 errors, 1 left on base; Batavia 0 - Cincinnati (NYP) 2 |
BOTTOM OF THE 2ND |
Cincinnati (NYP) Reds batting - Pitching for Batavia Muckdogs : RHP James Bitner
|
Pitching: RHP Scott Feltham
|
|
Batting: LHB Antonio Molina
|
0-0: Ball 1-0: Ball 2-0: Foul Ball, location: 2F 2-1: Swinging Strike 2-2: Fly out, F9 (Line Drive, 9, EV 85.0 MPH)
|
Batting: RHB Pete Orban
|
0-0: Ground out 5-3 (Groundball, 56, EV 88.1 MPH)
|
Batting: RHB Alfredo Razo
|
0-0: Ball 1-0: Called Strike 1-1: Called Strike 1-2: Ball 2-2: Ball 3-2: Base on Balls
|
Batting: SHB Bryan Johnston
|
0-0: Ball Alfredo Razo steals 2nd base 1-0: Ball 2-0: Called Strike 2-1: Ball 3-1: Base on Balls
|
Batting: LHB Fernando Gomez
|
0-0: Ball 1-0: SINGLE (Line Drive, 3D, EV 97.5 MPH) Alfredo Razo to third Bryan Johnston to second Runner from 3rd tries for Home, SAFE, throw by RF to home
|
Pitching: LHP Kunji Fukasawa
|
|
Batting: RHB Jamie Ingram
|
0-0: Called Strike 0-1: Ball 1-1: Ball 2-1: SINGLE (Line Drive, 89M, EV 103.8 MPH) Bryan Johnston to third Fernando Gomez to second Runner from 3rd tries for Home, SAFE, throw by RF to home
|
Batting: RHB Felipe Pineda
|
0-0: Ball 1-0: Fly out, F9 (Line Drive, 9, EV 93.8 MPH)
|
Bottom of the 2nd over - 2 runs, 2 hits, 0 errors, 2 left on base; Batavia 0 - Cincinnati (NYP) 4 |
TOP OF THE 3RD |
Batavia Muckdogs batting - Pitching for Cincinnati (NYP) Reds : LHP Jin Zhui
|
Batting: RHB Jeremy Dennis
|
0-0: Foul Ball, location: 2F 0-1: Swinging Strike 0-2: Strikes out swinging
|
Batting: RHB Jose Trevino
|
0-0: Ground out 6-3 (Groundball, 6S, EV 88.1 MPH)
|
Batting: RHB Calvin Morin
|
0-0: Called Strike 0-1: Ball 1-1: Fly out, F5 (Popup, 56, EV 73.1 MPH)
|
Top of the 3rd over - 0 runs, 0 hits, 0 errors, 0 left on base; Batavia 0 - Cincinnati (NYP) 4 |
BOTTOM OF THE 3RD |
Cincinnati (NYP) Reds batting - Pitching for Batavia Muckdogs : LHP Kunji Fukasawa
|
Batting: RHB Danny Pontius
|
0-0: Ball 1-0: Ball 2-0: Ball 3-0: Base on Balls
|
Batting: LHB Josiah Leath
|
0-0: Ball Balk! Danny Pontius to second 1-0: Called Strike 1-1: Ball 2-1: SINGLE (Groundball, 34D, EV 96.2 MPH) Danny Pontius to third
|
Batting: LHB Antonio Molina
|
0-0: Ball 1-0: Ball 2-0: Ball 3-0: Called Strike 3-1: Swinging Strike 3-2: Strikes out swinging Josiah Leath steals 2nd base Batter strikes out.
|
Pitching: RHP Alex Garza
|
|
Batting: RHB Pete Orban
|
0-0: Ball 1-0: Ground out 4-3 (Groundball, 4S, EV 84.4 MPH) Danny Pontius scores Josiah Leath to third
|
Batting: RHB Alfredo Razo
|
0-0: Ball 1-0: Called Strike 1-1: TRIPLE (Flyball, 78XD, EV 99.4 MPH) Josiah Leath scores
|
Batting: SHB Bryan Johnston
|
0-0: Foul Ball, location: 2F 0-1: Foul Ball, location: 2F 0-2: Ball 1-2: SINGLE (Line Drive, 89M, EV 90.6 MPH) Alfredo Razo scores
|
Batting: LHB Fernando Gomez
|
0-0: Swinging Strike 0-1: Swinging Strike 0-2: Ball 1-2: Ball 2-2: Strikes out swinging
|
Bottom of the 3rd over - 3 runs, 3 hits, 0 errors, 1 left on base; Batavia 0 - Cincinnati (NYP) 7 |
TOP OF THE 4TH |
Batavia Muckdogs batting - Pitching for Cincinnati (NYP) Reds : LHP Jin Zhui
|
Batting: LHB David Doge
|
0-0: Ball 1-0: Fly out, F8 (Flyball, 78D, EV 101.2 MPH)
|
Batting: RHB Len Graham
|
0-0: Fly out, F4 (Flyball, 34D, EV 73.8 MPH)
|
Batting: RHB Jim Fisher
|
0-0: Ball 1-0: Ground out 4-3 (Groundball, 4, EV 90.0 MPH)
|
Top of the 4th over - 0 runs, 0 hits, 0 errors, 0 left on base; Batavia 0 - Cincinnati (NYP) 7 |
BOTTOM OF THE 4TH |
Cincinnati (NYP) Reds batting - Pitching for Batavia Muckdogs : RHP Alex Garza
|
Batting: RHB Jamie Ingram
|
0-0: Foul Ball, location: 2F 0-1: DOUBLE (Groundball, 5L, EV 93.8 MPH)
|
Batting: RHB Felipe Pineda
|
0-0: Ground out U3 (Groundball, 3S, EV 73.8 MPH) Jamie Ingram to third
|
Batting: RHB Danny Pontius
|
0-0: Ball 1-0: Ball 2-0: Ball 3-0: Base on Balls
|
Pitching: RHP Giampaolo Nobile
|
|
Batting: LHB Josiah Leath
|
0-0: Swinging Strike 0-1: Fielders Choice at 2nd, 3-6 (Groundball, 3, EV 77.5 MPH) Jamie Ingram scores
|
Batting: LHB Antonio Molina
|
0-0: Ball 1-0: Ball 2-0: Ball 3-0: Called Strike 3-1: Called Strike 3-2: Base on Balls Josiah Leath to second
|
Batting: RHB Pete Orban
|
0-0: Ball Passed Ball! Josiah Leath to third Antonio Molina to second 1-0: Called Strike 1-1: Ball 2-1: Foul Ball, location: 2F 2-2: Foul Ball, location: 2F 2-2: Strikes out looking
|
Bottom of the 4th over - 1 run, 1 hit, 0 errors, 2 left on base; Batavia 0 - Cincinnati (NYP) 8 |
TOP OF THE 5TH |
Batavia Muckdogs batting - Pitching for Cincinnati (NYP) Reds : LHP Jin Zhui
|
Batting: RHB Larry LeFever
|
0-0: Foul Ball, location: 2F 0-1: Foul Ball, location: 2F 0-2: Foul Ball, location: 2F 0-2: Foul Ball, location: 2F 0-2: Strikes out swinging
|
Batting: RHB Hiromitsu Yamada
|
0-0: Fly out, F8 (Flyball, 8LD, EV 109.4 MPH)
|
Batting: RHB Jayson Johnson
|
0-0: Ball 1-0: Ball 2-0: Called Strike 2-1: Ball 3-1: Base on Balls
|
Batting: RHB Jeremy Dennis
|
0-0: Ball 1-0: Ball 2-0: Fly out, F7 (Flyball, 78D, EV 91.9 MPH)
|
Top of the 5th over - 0 runs, 0 hits, 0 errors, 1 left on base; Batavia 0 - Cincinnati (NYP) 8 |
BOTTOM OF THE 5TH |
Cincinnati (NYP) Reds batting - Pitching for Batavia Muckdogs : RHP Giampaolo Nobile
|
Batting: RHB Alfredo Razo
|
0-0: Ball 1-0: Foul Ball, location: 2F 1-1: Foul Ball, location: 2F 1-2: Strikes out swinging
|
Pitching: RHP Ryan Babbitt
|
|
Batting: SHB Bryan Johnston
|
0-0: Called Strike 0-1: Ball 1-1: Foul Ball, location: 2F 1-2: SINGLE (Groundball, 34D, EV 102.5 MPH)
|
Batting: LHB Fernando Gomez
|
0-0: Grounds into double play, 5-4-3 (Groundball, 56, EV 85.6 MPH)
|
Bottom of the 5th over - 0 runs, 1 hit, 0 errors, 0 left on base; Batavia 0 - Cincinnati (NYP) 8 |
TOP OF THE 6TH |
Batavia Muckdogs batting - Pitching for Cincinnati (NYP) Reds : LHP Jin Zhui
|
Batting: RHB Jose Trevino
|
0-0: Called Strike 0-1: Called Strike 0-2: Foul Ball, location: 2F 0-2: Ball 1-2: Ball 2-2: Ground out 4-3 (Groundball, 4, EV 99.4 MPH)
|
Batting: RHB Calvin Morin
|
0-0: Ground out 6-3 (Groundball, 6, EV 105.6 MPH)
|
Batting: LHB David Doge
|
0-0: Swinging Strike 0-1: Ball 1-1: SINGLE (Line Drive, 34, EV 103.8 MPH)
|
Batting: RHB Len Graham
|
0-0: Foul Ball, location: 2F 0-1: Swinging Strike 0-2: Fielders Choice at 2nd, 5-4 (Groundball, 56, EV 104.4 MPH)
|
Top of the 6th over - 0 runs, 1 hit, 0 errors, 1 left on base; Batavia 0 - Cincinnati (NYP) 8 |
BOTTOM OF THE 6TH |
Cincinnati (NYP) Reds batting - Pitching for Batavia Muckdogs : RHP Ryan Babbitt
|
Batting: RHB Jamie Ingram
|
0-0: Ball 1-0: Ball 2-0: Ball 3-0: Called Strike 3-1: Called Strike 3-2: Fly out, F8 (Flyball, 89D, EV 98.1 MPH)
|
Batting: RHB Felipe Pineda
|
0-0: Called Strike 0-1: Ball 1-1: SINGLE (Groundball, 23, EV 76.2 MPH) (infield hit)
|
Batting: RHB Danny Pontius
|
0-0: Called Strike 0-1: Swinging Strike 0-2: SINGLE (Groundball, 56D, EV 103.1 MPH) Felipe Pineda to second
|
Batting: LHB Josiah Leath
|
0-0: Swinging Strike 0-1: Ball 1-1: Foul Ball, location: 2F 1-2: Ball 2-2: Foul Ball, location: 2F 2-2: Fielders Choice at 2nd, 4-6 (Groundball, 4, EV 91.9 MPH) Felipe Pineda to third
|
Batting: LHB Antonio Molina
|
0-0: Called Strike 0-1: Ball 1-1: Ball 2-1: Ball 3-1: SINGLE (Groundball, 34D, EV 99.4 MPH) Felipe Pineda scores Josiah Leath to second
|
Batting: RHB Pete Orban
|
0-0: Ball 1-0: Foul Ball, location: 2F 1-1: Swinging Strike 1-2: Strikes out looking
|
Bottom of the 6th over - 1 run, 3 hits, 0 errors, 2 left on base; Batavia 0 - Cincinnati (NYP) 9 |
TOP OF THE 7TH |
Batavia Muckdogs batting - Pitching for Cincinnati (NYP) Reds : LHP Jin Zhui
|
Batting: RHB Jim Fisher
|
0-0: Foul Ball, location: 2F 0-1: Swinging Strike 0-2: Strikes out looking
|
Batting: RHB Larry LeFever
|
0-0: Called Strike 0-1: Ball 1-1: Ball 2-1: Ball 3-1: Called Strike 3-2: SINGLE (Line Drive, 8RS, EV 95.6 MPH)
|
Batting: RHB Hiromitsu Yamada
|
0-0: Ball 1-0: Called Strike 1-1: Swinging Strike 1-2: Foul Ball, location: 2F 1-2: SINGLE (Flyball, 3D, EV 85.0 MPH) Larry LeFever to second
|
Batting: RHB Jayson Johnson
|
0-0: Ball Wild Pitch! Larry LeFever to third Hiromitsu Yamada to second 1-0: Swinging Strike 1-1: Foul Ball, location: 2F 1-2: Foul Ball, location: 2F 1-2: Foul Ball, location: 2F 1-2: Foul Ball, location: 2F 1-2: Ball 2-2: Foul Ball, location: 2F 2-2: Ball 3-2: Foul Ball, location: 2F 3-2: Base on Balls
|
Batting: RHB Jeremy Dennis
|
0-0: Fielders Choice at 2nd, 3-6 (Groundball, 34, EV 78.8 MPH) Larry LeFever scores Hiromitsu Yamada to third
|
Batting: RHB Jose Trevino
|
0-0: Ball 1-0: Swinging Strike 1-1: Fielders Choice at 2nd, 6-4 (Groundball, 6, EV 79.4 MPH)
|
Top of the 7th over - 1 run, 2 hits, 0 errors, 2 left on base; Batavia 1 - Cincinnati (NYP) 9 |
BOTTOM OF THE 7TH |
Cincinnati (NYP) Reds batting - Pitching for Batavia Muckdogs : RHP Ryan Babbitt
|
Batting: RHB Alfredo Razo
|
0-0: Called Strike 0-1: Ball 1-1: SINGLE (Flyball, 5D, EV 86.9 MPH)
|
Pinch Hitting: LHB Marty Hafner
|
0-0: Ball 1-0: Ball 2-0: 2-RUN HOME RUN (Flyball, 9D, EV 102.5 MPH), Distance : 400 ft
|
Pitching: LHP Dan Zink
|
|
Batting: LHB Fernando Gomez
|
0-0: Called Strike 0-1: SINGLE (Groundball, 3S, EV 67.5 MPH) (infield hit)
|
Batting: RHB Jamie Ingram
|
0-0: Ball 1-0: Called Strike 1-1: 2-RUN HOME RUN (Flyball, 7D, EV 100.0 MPH), Distance : 386 ft
|
Batting: RHB Felipe Pineda
|
0-0: Swinging Strike 0-1: Called Strike 0-2: Ball 1-2: Ball 2-2: Strikes out swinging
|
Batting: RHB Danny Pontius
|
0-0: Foul Ball, location: 2F 0-1: DOUBLE (Line Drive, 7LS, EV 101.9 MPH)
|
Batting: LHB Josiah Leath
|
0-0: DOUBLE (Line Drive, 8LD, EV 108.1 MPH) Danny Pontius scores
|
Batting: LHB Antonio Molina
|
0-0: Ball 1-0: Ball 2-0: Ball 3-0: Called Strike 3-1: Base on Balls
|
Batting: RHB Pete Orban
|
0-0: Ball Balk! Josiah Leath to third Antonio Molina to second 1-0: Foul Ball, location: 2F 1-1: Ball 2-1: Ball 3-1: Base on Balls
|
Batting: RHB Alfredo Razo
|
0-0: Ball 1-0: Foul Ball, location: 2F 1-1: Ball 2-1: Ball 3-1: Foul Ball, location: 2F 3-2: Strikes out looking
|
Batting: LHB Marty Hafner
|
0-0: Ball 1-0: Fly out, F7 (Line Drive, 7, EV 95.6 MPH)
|
Bottom of the 7th over - 5 runs, 6 hits, 0 errors, 3 left on base; Batavia 1 - Cincinnati (NYP) 14 |
TOP OF THE 8TH |
Batavia Muckdogs batting - Pitching for Cincinnati (NYP) Reds : LHP Jin Zhui
|
Now in LF: Kagetoki Kawai
|
|
Batting: RHB Calvin Morin
|
0-0: Called Strike 0-1: Ball 1-1: Ball 2-1: Fly out, F9 (Flyball, 9, EV 78.1 MPH)
|
Pitching: LHP Bryan Ross
|
|
Pinch Hitting: RHB J.J. Barajas
|
0-0: Called Strike 0-1: Ball 1-1: Ball 2-1: Ball 3-1: Base on Balls
|
Batting: RHB Len Graham
|
0-0: Ball 1-0: Ball 2-0: Called Strike 2-1: Foul Ball, location: 2F 2-2: Ball 3-2: Foul Ball, location: 2F 3-2: Fly out, F2 (Popup, 2L, EV 90.0 MPH)
|
Batting: RHB Jim Fisher
|
0-0: Fly out, F8 (Line Drive, 8RM, EV 91.9 MPH)
|
Top of the 8th over - 0 runs, 0 hits, 0 errors, 1 left on base; Batavia 1 - Cincinnati (NYP) 14 |
BOTTOM OF THE 8TH |
Cincinnati (NYP) Reds batting - Pitching for Batavia Muckdogs : LHP Dan Zink
|
Now in CF: Ryuki Ogasawara
|
|
Now in RF: Calvin Morin
|
|
Batting: LHB Fernando Gomez
|
0-0: Ball 1-0: Ball 2-0: Called Strike 2-1: Ball 3-1: Swinging Strike 3-2: Foul Ball, location: 2F 3-2: Ground out 4-3 (Groundball, 4, EV 86.9 MPH)
|
Batting: RHB Jamie Ingram
|
0-0: Ground out 5-3 (Groundball, 56S, EV 85.0 MPH)
|
Pinch Hitting: RHB Alex Cruz
|
0-0: Foul Ball, location: 2F 0-1: Ball 1-1: Ball 2-1: Swinging Strike 2-2: Ball 3-2: Foul Ball, location: 2F 3-2: Foul Ball, location: 2F 3-2: Base on Balls
|
Batting: RHB Danny Pontius
|
0-0: Ball 1-0: Fly out, F7 (Flyball, 78M, EV 87.5 MPH)
|
Bottom of the 8th over - 0 runs, 0 hits, 0 errors, 1 left on base; Batavia 1 - Cincinnati (NYP) 14 |
TOP OF THE 9TH |
Batavia Muckdogs batting - Pitching for Cincinnati (NYP) Reds : LHP Bryan Ross
|
Now at 1B: Alex Cruz
|
|
Batting: RHB Larry LeFever
|
0-0: Ball 1-0: Ball 2-0: Ball 3-0: Base on Balls
|
Pitching: RHP Giovonni Morgia
|
|
Pinch Hitting: LHB Andrew van Dongen
|
0-0: Foul Ball, location: 2F 0-1: Ball 1-1: Called Strike 1-2: Strikes out swinging
|
Pinch Hitting: LHB Carlos Mosqueda
|
0-0: Fielders Choice at 2nd, 3-6 (Groundball, 34, EV 81.9 MPH)
|
Pinch Hitting: LHB Mario Tirado
|
0-0: Ball 1-0: Ball 2-0: Ball 3-0: Called Strike 3-1: Fly out, F8 (Flyball, 8RXD, EV 78.8 MPH)
|
Top of the 9th over - 0 runs, 0 hits, 0 errors, 1 left on base; Batavia 1 - Cincinnati (NYP) 14 |
|